AoeStats
← Dong Quixote

Arabia

509795388Analyzed
3v3 RM · 6d ago on Sep 28, 2026· 54m 3s· 6 players
Game mode
Random Map
Map size
Normal (6 player)
Population
200
Speed
Normal
Resources
Standard
Victory
Conquest
Starting age
Dark Age
Ending age
Imperial Age
RankedLock teamsTeams togetherTeam positionsShared explorationLock speedFull tech treeHidden civsTurbo modeCheats
Victory
Defeat
🇺🇸 Vietnamese · United States
957
+16
🇺🇸 Khmer · United States
955
+16
🇺🇸 Ethiopians · United States
797
+21
🇺🇸 Tatars · United States
980
-19
🇺🇸 Franks · United States
948
-18
🇺🇸 Japanese · United States
900
-16
krook
11:35 Feudal Age
12:27 Horse Collar
12:35 Double-Bit Axe
18:26 Castle Age
20:06 Heavy Plow
23:33 Loom
24:24 Wheelbarrow
23:34 Town Watch
31:06 Imperial Age
30:06 Bloodlines
30:00 Husbandry
31:41 Scale Barding Armor
31:28 Fletching
32:22 Double Crossbow
32:43 Conscription
33:35 Hand Cart
33:21 Town Patrol
33:59 Siege Engineers
34:15 Ballistics
36:45 Elite Ballista Elephant
38:24 Chain Barding Armor
40:41 Gold Mining
42:15 Chemistry
51:03 Coinage
Booger Flicker X
3:52 Loom
10:13 Feudal Age
13:50 Fletching
14:00 Padded Archer Armor
23:06 Castle Age
23:25 Double-Bit Axe
23:23 Horse Collar
24:20 Wheelbarrow
25:15 Crossbowman
26:06 Heavy Plow
26:17 Bow Saw
28:35 Bodkin Arrow
31:17 Forging
31:07 Scale Mail Armor
31:37 Squires
32:34 Iron Casting
36:33 Imperial Age
35:46 Chain Mail Armor
36:42 Halberdier
39:25 Blast Furnace
40:32 Conscription
40:55 Elite Shotel Warrior
41:37 Royal Heirs
42:08 Plate Mail Armor
42:26 Hand Cart
43:26 Two-Man Saw
43:45 Gold Mining
43:43 Town Watch
45:44 Town Patrol
45:45 Bracer
46:00 Leather Archer Armor
47:37 Arson
48:29 Scale Barding Armor
51:11 Ring Archer Armor
51:01 Chain Barding Armor
53:50 Coinage
Helot_boy_Xeones
8:13 Loom
10:17 Feudal Age
10:59 Double-Bit Axe
13:41 Fletching
13:35 Horse Collar
17:35 Padded Archer Armor
20:39 Wheelbarrow
19:49 Town Watch
25:51 Castle Age
25:09 Gold Mining
25:10 Stone Mining
27:36 Stone Shaft Mining
27:13 Bow Saw
27:04 Heavy Plow
28:13 Hand Cart
28:25 Bodkin Arrow
32:06 Thumb Ring
32:51 Leather Archer Armor
34:55 Scale Barding Armor
35:00 Forging
38:44 Imperial Age
37:27 Ballistics
39:21 Masonry
39:59 Guilds
40:07 Bracer
44:14 Chemistry
42:54 Treadmill Crane
43:26 Fortified Wall
43:56 Bloodlines
43:06 Light Cavalry
44:18 Ring Archer Armor
43:50 Pikeman
44:30 Squires
44:15 Arson
45:31 Paper Money
45:45 Paper Money
47:57 Two-Man Saw
47:29 Crop Rotation
47:25 Siege Engineers
47:26 Town Patrol
49:20 Chain Barding Armor
49:38 Iron Casting
49:06 Husbandry
CornPopOfficial
8:51 Loom
11:54 Feudal Age
13:14 Man-at-Arms
18:08 Padded Archer Armor
20:36 Castle Age
23:08 Scale Mail Armor
24:10 Elite Skirmisher
39:12 Fortified Wall
40:10 Fletching
42:18 Pikeman
Dong Quixote
10:54 Feudal Age
17:54 Castle Age
16:57 Double-Bit Axe
17:05 Stone Mining
17:11 Gold Mining
22:30 Scale Barding Armor
28:10 Wheelbarrow
30:52 Gold Shaft Mining
30:44 Chain Barding Armor
30:35 Forging
31:22 Fletching
32:16 Loom
36:13 Bodkin Arrow
36:55 Iron Casting
36:36 Light Cavalry
41:03 Ballistics
41:58 Husbandry
50:13 Imperial Age
48:25 Elite Skirmisher
50:13 Padded Archer Armor
ConcernedSauce
8:17 Loom
10:32 Feudal Age
11:22 Double-Bit Axe
20:57 Castle Age
18:49 Horse Collar
22:18 Heavy Plow
22:32 Bow Saw
24:04 Scale Barding Armor
25:55 Chain Barding Armor
26:55 Husbandry
29:42 Bloodlines
29:27 Gold Mining
30:17 Wheelbarrow
31:09 Town Watch
32:13 Hand Cart
33:14 Fletching
37:05 Imperial Age
37:00 Bodkin Arrow
40:01 Bracer
41:09 Crop Rotation
40:54 Padded Archer Armor
42:34 Chemistry
42:04 Leather Archer Armor
41:15 Heavy Cavalry Archer
43:28 Ballistics
45:16 Plate Barding Armor
45:12 Ring Archer Armor
48:21 Gold Shaft Mining
49:04 Onager
Connection lost

Rejoining the realm…

Still unreachable

The connection could not be restored.

Session expired

The server has moved on; the page needs a fresh start.